 Dungeon Crawl Stone Soup version 0.22.1-1-ga44c0e5 (webtiles) character file.

163 skarinskyee the Cudgeler (level 5, -1/33 HPs)
             Began as a Gargoyle Fighter on Oct 26, 2018.
             Killed from afar by an orc wizard (8 damage)
             ... with a puff of flame
             ... on level 3 of the Dungeon.
             The game lasted 00:13:54 (3201 turns).

skarinskyee the Cudgeler (Gargoyle Fighter)         Turns: 3201, Time: 00:13:54

Health: -1/33      AC: 12    Str: 19    XL:     5   Next: 44%
Magic:  5/5        EV:  7    Int:  9    God:
Gold:   180        SH:  9    Dex: 10    Spells: 4/4 levels left

rFire    . . .     SeeInvis .   a - +0 flail
rCold    . . .     Gourm    .   c - +0 shield
rNeg     + . .     Faith    .   b - +0 scale mail
rPois    ∞         Spirit   .   (no helmet)
rElec    +         Reflect  .   (no cloak)
rCorr    .         Harm     .   (no gloves)
MR       .....                  m - +0 pair of boots
Stlth    ..........             (no amulet)
HPRegen  0.11/turn              (no ring)
MPRegen  0.09/turn              (no ring)

@: no status effects
A: negative energy resistance 1, electricity resistance, unbreathing,
petrification resistance, rot immunity, AC +4
a: no special abilities


You were on level 3 of the Dungeon.
You were hungry.

You visited 1 branch of the dungeon, and saw 3 of its levels.
You also visited: Sewer.

You collected 180 gold pieces.

Inventory:

Hand Weapons
 a - a +0 flail (weapon)
Missiles
 n - 57 stones (quivered)
 r - 5 tomahawks of dispersal
Armour
 b - a +0 scale mail (worn)
 c - a +0 shield (worn)
 m - a +0 pair of boots (worn)
Scrolls
 g - 8 scrolls of identify {unknown}
 j - 2 scrolls of remove curse {unknown}
 l - a scroll of amnesia {unknown}
 o - a scroll of random uselessness {unknown}
 p - 2 scrolls of blinking {unknown}
 q - a scroll of fear {unknown}
 u - a scroll of teleportation {unknown}
 y - a scroll of enchant armour {unknown}
 z - a scroll of magic mapping {unknown}
Potions
 d - 3 potions of might
 e - 2 potions of heal wounds {unknown}
 h - 2 potions of curing {unknown}
 i - 3 potions of invisibility {unknown}
 k - a potion of haste {unknown}
 s - a potion of brilliance {unknown}
 t - a potion of mutation {unknown}
 v - 2 potions of flight {unknown}
 w - 2 potions of agility {unknown}
Comestibles
 f - 4 rations
 x - a chunk of flesh


   Skills:
 - Level 3.6 Fighting
 * Level 4.6 Maces & Flails
 - Level 3.7 Armour
 - Level 3.8 Shields


You had 4 spell levels left.
You didn't know any spells.
Your spell library was empty.

Dungeon Overview and Level Annotations

Branches:
Dungeon (3/15)

Altars:
Cheibriados
Nemelex Xobeh


Innate Abilities, Weirdness & Mutations

You are resistant to torment.
Your stone body is resilient. (AC +4)
You are immune to poison.
You resist negative energy. (rN+)
You are resistant to electric shocks. (rElec)
You can survive without breathing.
You are immune to petrification.
You are immune to rotting.


Message History

A puff of frost appears from out of thin air!
The puff of frost misses you.
You closely miss something. Something hits you but does no damage.
Your shield and scale mail prevent you from hitting something.
Something hits you but does no damage. Something hits you.
You barely miss something.
Something hits you but does no damage. x2
Something hits you but does no damage.
You hear some strange, mumbled words.
A puff of flame appears from out of thin air!
The puff of flame misses you.
A puff of frost appears from out of thin air!
The puff of frost misses you.
An orc wizard appears from thin air!
Reactivating autopickup.
The orc wizard gestures at you while chanting.
The puff of frost hits you!
* * * LOW HITPOINT WARNING * * *
The orc wizard casts a spell at you. The puff of flame hits you!
You die...

♣PP.....# ♣..P...#[#
♣.♣....##.# ♣ ♣♣♣###o.#
#o## ###.#
###.#.#.###############
#..>.....o..o..........
#######....o###@######
#######.....# #.....#
#...........# #####.#
#..............
#........######
#........# #........#
#........## #####.....#


You could see an orc wizard and an orc.

Vanquished Creatures
  An orc wizard (D:3)
  2 adders
  A worm (D:2)
  A dart slug (D:1)
  7 leopard geckos
  6 orcs (D:3)
  2 ball pythons
  13 bats
  2 giant cockroaches
  6 goblins
  5 hobgoblins
  4 jackals (Sewer)
  2 quokkas (D:2)
  7 frilled lizards
  7 kobolds
  8 rats
74 creatures vanquished.

Vanquished Creatures (others)
  An orc wizard (D:3)
1 creature vanquished.

Grand Total: 75 creatures vanquished

Notes
Turn   | Place    | Note
-------+----------+-------------------------------------------
     0 | D:1      | skarinskyee the Gargoyle Fighter began the quest for the
                  | Orb.
     0 | D:1      | Reached XP level 1. HP: 14/14 MP: 1/1
   178 | D:1      | Reached XP level 2. HP: 19/19 MP: 2/2
   857 | D:1      | Reached XP level 3. HP: 23/23 MP: 3/3
  1400 | D:2      | Found a sparkling altar of Nemelex Xobeh.
  1591 | D:2      | Reached skill level 3 in Maces & Flails
  1634 | D:2      | Reached XP level 4. HP: 27/29 MP: 4/4
  1996 | D:3      | Reached skill level 4 in Maces & Flails
  2335 | D:3      | Reached XP level 5. HP: 30/33 MP: 5/5
  2409 | D:3      | Found a snail-covered altar of Cheibriados.
  2501 | D:3      | Found a glowing drain.
  2526 | Sewer    | Entered a sewer
  3201 | D:3      | Killed from afar by an orc wizard

Skill      XL: |  1  2  3  4 |
---------------+-------------+-----
Maces & Flails | 3 4 |  4.6
Fighting       | |  3.6
Armour         | |  3.7
Shields        | |  3.8

Action                   |  1- 3 |  4- 6 || total
-------------------------+-------+-------++-------
Melee: Flail             |   174 |   176 ||   350
  Use: Potion            |       |     1 ||     1
  Eat: Ration            |     1 |     1 ||     2
       Chunk             |       |     1 ||     1
Armor: Scale mail        |    90 |   137 ||   227
Dodge: Dodged            |    57 |    73 ||   130
Block: Shield            |   100 |   106 ||   206
